 Dungeon Crawl Stone Soup version 0.20-b1-18-gaa2fd62 (webtiles) character file.

92 wolfsongas the Cudgeler (level 4, -4/28 HPs)
             Began as a Gargoyle Fighter on May 24, 2017.
             Slain by valhalheru's ghost (9 damage)
             ... on level 3 of the Dungeon.
             The game lasted 00:03:36 (1639 turns).

wolfsongas the Cudgeler (Gargoyle Fighter)          Turns: 1639, Time: 00:03:36

Health: -4/28      AC: 10    Str: 26    XL:     4   Next: 60%
Magic:  4/4        EV:  7    Int:  8    God:
Gold:   110        SH: 10    Dex:  9    Spells: 3/3 levels left

rFire    . . .     SeeInvis .   i - +4 spear (venom)
rCold    . . .     Gourm    .   c - +1 shield
rNeg     + . .     Faith    .   b - +0 scale mail
rPois    ∞         Spirit   .   (no helmet)
rElec    +         Reflect  .   (no cloak)
rCorr    .         Harm     .   (no gloves)
MR       .....                  (no boots)
Stlth    ..........             (no amulet)
Regen    0.1/turn               (no ring)
MPRegen  0.1/turn               (no ring)

@: mighty
A: negative energy resistance 1, electricity resistance, unbreathing,
petrification resistance, rot immunity, AC +3
a: no special abilities


You were on level 3 of the Dungeon.
You were not hungry.

You visited 1 branch of the dungeon, and saw 3 of its levels.

You collected 110 gold pieces.

Inventory:

Hand Weapons
 a - a +0 flail
 i - a +4 spear of venom (weapon)
Armour
 b - a +0 scale mail (worn)
 c - a +1 shield (worn)
Scrolls
 f - a scroll of fear
Potions
 e - 3 potions of curing {unknown}
 g - 2 potions of lignification {unknown}
 h - a potion of invisibility {unknown}
Comestibles
 j - 2 meat rations


   Skills:
 - Level 3.2 Fighting
 - Level 3.3 Maces & Flails
 * Level 2.4 Polearms
 - Level 3.2 Armour
 + Level 0.4 Dodging
 + Level 0.2 Stealth
 - Level 3.2 Shields


You had 3 spell levels left.
You didn't know any spells.

Dungeon Overview and Level Annotations

Branches:
Dungeon (3/15)

Altars:

Annotations:
D:3 valhalheru's ghost, amateur HuFi


Innate Abilities, Weirdness & Mutations

You are resistant to torment.
Your stone body is resilient. (AC +3)
You are immune to poison.
You resist negative energy. (rN+)
You are resistant to electric shocks. (rElec)
You can survive without breathing.
You are immune to petrification.
You are immune to rotting.


Message History

Valhalheru's ghost is heavily damaged.
Valhalheru's ghost hits you.
* * * LOW HITPOINT WARNING * * *
You barely miss valhalheru's ghost.
Valhalheru's ghost is heavily damaged.
You block valhalheru's ghost's attack.
You puncture valhalheru's ghost!
Valhalheru's ghost is heavily damaged.
Valhalheru's ghost hits you but does no damage.
You hit valhalheru's ghost.
Valhalheru's ghost is severely damaged.
You block valhalheru's ghost's attack.
You barely miss valhalheru's ghost.
Valhalheru's ghost is severely damaged.
Valhalheru's ghost hits you but does no damage.
You block valhalheru's ghost's attack.
You puncture valhalheru's ghost!
Valhalheru's ghost is almost destroyed.
Valhalheru's ghost hits you!
You die...

#.######......#
*,,,**,≈≈≈≈
#.##..........#
*,,,**,,≈≈≈
#....#.#.#.#..#
*,,,+,,,,,≈
####..........#
*,,,***≈,,,
#.#.#.#.#..# *,,,*
*****
#.........####***,,,*
*
#.#.#.#.#.....,,+,,,*
*
#..........######...*
***
#.#.#.#.#.@W........*
*,,
#..........#####....*
*,* #######....#
*,,,.*****,* ######
*,,,,,,,,,,,
*******,,*,,
*,,,,,,,,***
*,*****,** *
*,,,,,,,* *
************


You could see valhalheru's ghost.

Vanquished Creatures
  3 adders
  An ooze (D:1)
  3 worms
  A dart slug (D:1)
  A leopard gecko (D:1)
  An orc (D:3)
  7 bats
  2 giant cockroaches
  3 goblins (D:1)
  8 hobgoblins
  4 jackals (D:2)
  A kobold (D:3)
  A quokka (D:2)
  A ball python (D:1)
  7 frilled lizards
  4 rats
48 creatures vanquished.

Notes
Turn   | Place    | Note
-------+----------+-------------------------------------------
     0 | D:1      | wolfsongas the Gargoyle Fighter began the quest for the Orb.
     0 | D:1      | Reached XP level 1. HP: 14/14 MP: 1/1
    26 | D:1      | Reached XP level 2. HP: 17/19 MP: 2/2
   260 | D:1      | Reached XP level 3. HP: 23/23 MP: 3/3
  1062 | D:2      | Reached skill level 1 in Polearms
  1234 | D:2      | Reached XP level 4. HP: 28/28 MP: 4/4
  1622 | D:3      | Noticed valhalheru's ghost (amateur HuFi)
  1639 | D:3      | Slain by valhalheru's ghost

Skill      XL: |  1  2  3  4 |
---------------+-------------+-----
Maces & Flails | 3 |  3.3
Polearms       | 1 2 |  2.4
Fighting       | |  3.2
Armour         | |  3.2
Dodging        | |  0.4
Stealth        | |  0.2
Shields        | |  3.2

Action                   |  1- 3 |  4- 6 || total
-------------------------+-------+-------++-------
Melee: Flail             |    58 |       ||    58
       Spear             |    74 |    32 ||   106
  Use: Scroll            |     4 |     2 ||     6
       Potion            |       |     1 ||     1
  Eat: Bread ration      |     1 |       ||     1
Armor: Scale mail        |    65 |     6 ||    71
Dodge: Dodged            |    45 |     6 ||    51
Block: Shield            |    63 |    11 ||    74
